cohdb
Replays
Latest Replays
All Replays
Popular Replays
Top Player Replays
Match Explorer
How It Works
Community
CoH3 Stats
Reddit
Sign in to upload your games and track your stats! →
Sign in with Steam
Match 43873821
Unlisted
Match 43873821
Overview
Messages
Build Orders
End
Panzergrenadier Squad
Panzergrenadier Squad
250 Light Carrier
Construct Light Support Kompanie
Combat Half-tracks
Panzerpioneer Squad
Panzerjäger Squad
Panzerjäger Mechanized Group
Selects Armored Support Battlegroup
Selects Veteran Gunners
Construct Mechanized Kompanie
Selects Salvage Kits
Vehicle Survival Package
Support Armor Elements
StuG III D Assault Gun
Selects Flammpanzer III Medium Tank
StuG III D Assault Gun
Marder III Tank Destroyer
Tungsten Core Ammunition
Marder III Tank Destroyer
Advanced Optics
Selects Panzer Storm
Selects Stuka Dive Bomb
Marder III Tank Destroyer
cannot compute
TheChosenOne
BrickTop
egor7654
0
0
Comments
sign in to comment!
No comments posted yet!